 Dungeon Crawl Stone Soup version 0.27.1-33-g824d729ab1 (webtiles) character file.

Game seed: 14281445606990995035

208 Atelerd the Digger (level 5, -10/31 HPs)
             Began as an Octopode Earth Elementalist on Dec 23, 2021.
             Mangled by an iguana (13 damage)
             ... on level 5 of the Dungeon.
             The game lasted 00:02:02 (3059 turns).

Atelerd the Digger (Octopode Earth Elementalist)    Turns: 3059, Time: 00:02:02

Health: -10/31     AC:  1    Str:  7    XL:     5   Next: 86%
Magic:  4/10       EV: 13    Int: 19    God:
Gold:   174        SH:  0    Dex: 12    Spells: 6/11 levels left

rFire    . . .     SeeInvis .   a - +0 dagger (holy)
rCold    . . .     Faith    .   (no shield)
rNeg     . . .     Spirit   .   (helmet restricted)
rPois    .         Reflect  .   (no amulet)
rElec    .         Harm     .   (no ring)
rCorr    .         Rampage  .   (no ring)
Will     .....                  (no ring)
Stlth    +++.......             (no ring)
HPRegen  0.10/turn              (no ring)
MPRegen  0.12/turn              (no ring)
                                (no ring)
                                (no ring)

@: very slightly contaminated
A: almost no armour, amphibious, 8 rings, camouflage 1, gelatinous body 1,
(nimble swimmer 1), tentacles
a: no special abilities


You were on level 5 of the Dungeon.
You visited 1 branch of the dungeon, and saw 4 of its levels.

You collected 174 gold pieces.

Inventory:

Hand Weapons
 a - a +0 dagger of holy wrath (weapon)
Scrolls
 g - a scroll of torment {unknown}
 h - a scroll of vulnerability {unknown}
 i - a scroll of immolation {unknown}
Potions
 c - a potion of magic {unknown}
 d - 3 potions of curing {unknown}
 e - a potion of heal wounds {unknown}
 f - a potion of berserk rage {unknown}


   Skills:
 - Level 2.0 Dodging
 - Level 2.6 Stealth
 + Level 3.9 Spellcasting
 - Level 2.0 Transmutations
 + Level 4.7 Earth Magic


You had 6 spell levels left.
You knew the following spells:

 Your Spells              Type           Power      Damage    Failure   Level
a - Sandblast             Erth           42%        2d11      1%          1
p - Petrify               Tmut/Erth      16%        N/A       34%         4

Your spell library contained the following spells:

 Spells                   Type           Power      Damage    Failure   Level
 Passwall                 Tmut/Erth      13%        N/A       5%          2
 Stone Arrow              Conj/Erth      24%        3d8       16%         3


Dungeon Overview and Level Annotations

Branches:
Dungeon (3/15)

Altars:
Qazlal

Shops:
D:1 [   D:2 [


Innate Abilities, Weirdness & Mutations

You cannot wear most types of armour.
You are amphibious.
You can wear up to eight rings at the same time.
Your skin changes colour to match your surroundings (Stealth+).
Your rubbery body absorbs attacks. (AC +1, EV +1)
((You are camouflaged near water. (Stealth+)))
You have tentacles for arms and can constrict up to eight enemies at once.


Message History

Aiming: Sandblast (safe; 1% risk of failure)
Press: ? - help, Shift-Dir - straight line, f/p - iguana
Aim: an iguana (83% to hit)
The blast of sand hits the iguana!
The iguana is severely wounded.
The gnoll hits you but does no damage. The iguana closely misses you.
Unknown command.
Casting: Sandblast (safe; 1% risk of failure)
Confirm with . or Enter, or press ? or * to list all spells.
Aiming: Sandblast (safe; 1% risk of failure)
Press: ? - help, Shift-Dir - straight line, f/p - iguana
Aim: an iguana (severely wounded, 83% to hit)
You miscast Sandblast.
You are very lightly contaminated with residual magic.
Nothing appears to happen.
The gnoll completely misses you. The iguana closely misses you.
Casting: Sandblast (safe; 1% risk of failure)
Confirm with . or Enter, or press ? or * to list all spells.
Aiming: Sandblast (safe; 1% risk of failure)
Press: ? - help, Shift-Dir - straight line, f/p - iguana
Aim: an iguana (severely wounded, 83% to hit)
The blast of sand misses the iguana.
You now have no stones remaining.
The gnoll shouts!
The gnoll closely misses you. The iguana bites you!
* * * LOW HITPOINT WARNING * * *
Casting: Sandblast (safe; 1% risk of failure)
Confirm with . or Enter, or press ? or * to list all spells.
You don't have any stones to cast with.
Unknown command.
Unknown command.
Unknown command.
You hit the iguana but do no damage. You grab the iguana.
You squeeze the iguana, but do no damage.
The iguana is severely wounded.
You constrict the iguana, but do no damage.
The gnoll barely misses you. The gnoll misses you.
The gnoll shaman hits you with a +0 club.
* * * LOW HITPOINT WARNING * * *
The iguana bites you!
You die...

##+## ##...## ##.....##
### ##.......## ##.#
#..####.........####...
#....l@g...g...........
#..####gg$......####...
##.......## ##.#
##.....## ##. ##...##
## ##+## # ###
####.####


You could see a gnoll shaman, an iguana and 3 gnolls.

Vanquished Creatures
  An ogre (D:3)
  A jelly (D:5)
  An orc wizard (D:3)
  Terence (D:3)
  2 orcs (D:3)
  4 endoplasms (D:1)
  A giant cockroach (D:1)
  5 hobgoblins
  3 kobolds
  2 ball pythons
  8 bats
  5 frilled lizards
  7 goblins (D:1)
  2 rats (D:1)
43 creatures vanquished.

Notes
Turn   | Place    | Note
-------+----------+-------------------------------------------
     0 | D:1      | Atelerd the Octopode Earth Elementalist began the quest for
                  | the Orb.
     0 | D:1      | Reached XP level 1. HP: 11/11 MP: 3/3
   107 | D:1      | Found a faded altar of an unknown god.
   330 | D:1      | Reached XP level 2. HP: 17/17 MP: 3/5
   677 | D:1      | Found Ydamaushri's Antique Armour Shop.
   854 | D:1      | Reached XP level 3. HP: 21/21 MP: 4/6
  1705 | D:2      | Found Jiasouwn's Antique Armour Boutique.
  2485 | D:3      | Noticed Terence
  2493 | D:3      | Killed Terence
  2494 | D:3      | Reached XP level 4. HP: 18/27 MP: 2/8
  2622 | D:3      | Found a stormy altar of Qazlal.
  2657 | D:3      | Noticed an ogre
  2666 | D:3      | Killed an ogre
  2667 | D:3      | Reached skill level 4 in Earth Magic
  2667 | D:3      | Reached XP level 5. HP: 15/31 MP: 5/10
  2852 | D:3      | Learned a level 4 spell: Petrify
  2977 | D:3      | You fall into a shaft and drop 2 floors!
  2977 | D:5      | Entered Level 5 of the Dungeon
  3059 | D:5      | Mangled by an iguana

Illustrated notes

Levels and vault maps discovered:
D:1:      eino_arrival_cavern_c, layout_loops_corners, serial_shops, shop_coins,
          shapermc_ecumenical_altar_notcrosses, chequers_serial_rivers_marsh,
          patterned_corridor
D:2:      layout_basic, serial_shops, shop
D:3:      minmay_recursive_quarters, layout_rooms, lemuel_blue_sif_altar,
          mainiacjoe_overflow_boulevard, uniq_terence
D:5:      layout_loops_corners, minitemple

Skill      XL: |  1  2  3  4 |
---------------+-------------+-----
Transmutations | 2 |  2.0
Spellcasting   | 3 |  3.9
Earth Magic    | 4 |  4.7
Dodging        | |  2.0
Stealth        | |  2.6

Action                   |  1- 3 |  4- 6 || total
-------------------------+-------+-------++-------
Melee: Unarmed           |     3 |       ||     3
       Constrict         |    13 |     1 ||    14
       Tentacles         |     3 |     1 ||     4
       Dagger            |    46 |     2 ||    48
 Cast: Sandblast         |    37 |    25 ||    62
 Stab: Sleeping          |     5 |       ||     5
Armor: Skin              |     8 |     1 ||     9
Dodge: Dodged            |    39 |    11 ||    50
